Map: Frozen Temple

Players

Miszu - Winner!

  • Race: Protoss Protoss
  • League: Master

llllllllllll

  • Race: Protoss Protoss
  • League: Master

VOD

Have the link to the VOD?

Description

Time

  • Played on: June 27, 2016, 12:07 p.m.
  • Length: 6:57
Show
View Real Time Build Order
Export as new Build Order

Miszu Protoss - Winner!

Build Orders:  

Get SALT Encoding   

  12  0:02  Probe (Chrono Boost)  
  13  0:12  Probe (Chrono Boost)  
  14  0:19  Pylon  
  14  0:23  Probe (Chrono Boost)  
  15  0:37  Probe (Chrono Boost)  
  15  0:38  Gateway  
  16  0:46  Assimilator  
  16  0:48  Probe (Chrono Boost)  
  17  0:58  Probe (Chrono Boost)  
  17  1:01  Gateway  
  18  1:09  Assimilator, Probe (Chrono Boost)  
  19  1:19  Probe (Chrono Boost)  
  20  1:25  Cybernetics Core  
  20  1:30  Probe (Chrono Boost)  
  21  1:40  Probe (Chrono Boost)  
  21  1:42  Pylon  
  22  2:01  Adept x2  
  22  2:03  Warp Gate  
  22  2:06  Mothership Core (Chrono Boost)  
  28  2:14  Pylon  
  28  2:28  Stalker  
  30  2:31  Stalker  
  32  3:03  Nexus  
  30  3:28  Stalker x2  
  30  3:29  Probe (Chrono Boost)  
  33  3:41  Gateway  
  33  3:43  Probe (Chrono Boost)  
  34  3:49  Robotics Facility  
  34  3:53  Probe (Chrono Boost)  
  35  4:07  Sentry x2  
  39  4:11  Pylon  
  39  4:14  Probe (Chrono Boost)  
  40  4:18  Probe (Chrono Boost)  
  41  4:25  Probe (Chrono Boost)  
  41  4:29  Probe (Chrono Boost)  
  43  4:35  Stalker x2  
  47  4:39  Observer  
  47  4:43  Pylon, Probe (Chrono Boost)  
  47  4:45  Probe (Chrono Boost)  
  50  4:54  Twilight Council, Probe (Chrono Boost)  
  50  4:55  Phoenix  
  50  4:57  Probe (Chrono Boost)  
  52  5:09  Immortal  
  52  5:12  Probe (Chrono Boost)  
  57  5:20  Probe (Chrono Boost)  
  58  5:23  Probe (Chrono Boost)  
  58  5:25  Stalker x2  
  63  5:36  Pylon  
  63  5:45  Stalker  
  65  5:52  Zealot  
  65  5:53  Zealot  
  69  6:13  Stalker x2  
  69  6:14  Stalker  
  75  6:21  Gateway x2  
  75  6:25  Gateway  
  75  6:32  Pylon  
  73  6:46  Stalker x2  
  73  6:47  Stalker  
Show
View Real Time Build Order
Export as new Build Order

llllllllllll Protoss 

Build Orders:  

Get SALT Encoding   

  12  0:01  Probe (Chrono Boost)  
  13  0:11  Probe (Chrono Boost)  
  14  0:18  Pylon  
  14  0:23  Probe (Chrono Boost)  
  15  0:37  Probe (Chrono Boost)  
  15  0:39  Gateway  
  16  0:47  Probe (Chrono Boost)  
  17  0:58  Probe (Chrono Boost)  
  17  1:00  Assimilator  
  18  1:05  Assimilator  
  18  1:08  Probe (Chrono Boost)  
  19  1:13  Gateway  
  19  1:19  Probe (Chrono Boost)  
  20  1:26  Pylon  
  20  1:30  Probe (Chrono Boost)  
  21  1:37  Cybernetics Core  
  21  1:41  Probe (Chrono Boost)  
  22  1:52  Probe (Chrono Boost)  
  23  2:08  Probe (Chrono Boost)  
  23  2:15  Stalker x2  
  28  2:19  Mothership Core (Chrono Boost)  
  30  2:25  Pylon  
  30  2:38  Stargate  
  30  2:46  Warp Gate (Chrono Boost)  
  30  3:03  Nexus  
  30  3:10  Probe  
  24  3:22  Probe  
  25  3:32  Void Ray (Chrono Boost)  
  28  3:37  Probe  
  29  3:45  Pylon  
  29  3:49  Probe  
  31  4:05  Pylon  
  30  4:16  Void Ray (Chrono Boost)  
  34  4:20  Probe  
  34  4:21  Probe  
  33  4:32  Probe  
  33  4:33  Probe  
  35  4:43  Sentry x2  
  39  4:49  Probe  
  39  4:50  Probe  
  41  5:13  Stalker x2  
  42  5:23  Probe  
  42  5:24  Probe  
  42  5:27  Void Ray (Chrono Boost)  
  48  5:37  Adept  
  48  5:38  Adept  
  52  5:48  Probe  
  52  5:49  Probe  
  54  5:58  Stalker x2  
  54  5:59  Probe  
  54  6:02  Probe  
  57  6:16  Void Ray (Chrono Boost)  
Tags
 
Add a new tag
Caveats
  • Supply blocks, unpowered buildings, or Contaminate may cause inaccurate times.
  • Supply counts are checked every 10 seconds.